 Dungeon Crawl Stone Soup version 0.28.0-45-g0d030f2227 (webtiles) character file.

Game seed: 7144529220047287201

2 101zpm the Caller (level 1, 0/10 HPs)
             Began as a Kobold Summoner on Apr 20, 2022.
             Slain by a kobold
             ... wielding a +0 dagger
              (4 damage)
             ... on level 1 of the Dungeon.
             The game lasted 00:00:49 (73 turns).

101zpm the Caller (Kobold Summoner)                   Turns: 73, Time: 00:00:50

Health: 0/10       AC:  2    Str:  5    XL:     1   Next: 44%
Magic:  1/3        EV: 15    Int: 16    God:
Gold:   0          SH:  0    Dex: 15    Spells: 3/4 levels left

rFire   . . .      SeeInvis .   (weapon restricted)
rCold   . . .      Faith    .   (no shield)
rNeg    . . .      Spirit   .   a - +0 robe
rPois   .          Reflect  .   (no helmet)
rElec   .          Harm     .   (no cloak)
rCorr   .          Rampage  .   (no gloves)
Will    .....                   (no boots)
Stlth   +++.......              (no amulet)
HPRegen 0.03/turn               (no ring)
MPRegen 0.08/turn               (no ring)

@: very slightly contaminated
A: small, no large weapons, nightstalker 3
a: no special abilities


You were on level 1 of the Dungeon.
You visited 1 branch of the dungeon, and saw 1 of its levels.

Inventory:

Armour
 a - a +0 robe (worn)


   Skills:
 + Level 2.4 Dodging
 + Level 2.6 Stealth
 + Level 2.1 Spellcasting
 + Level 4.1 Summonings


You had 3 spell levels left.
You knew the following spells:

 Your Spells              Type           Power      Damage    Failure   Level
a - Summon Small Mammal   Summ           60%        N/A       3%          1

Your spell library contained the following spells:

 Spells                   Type           Power      Damage    Failure   Level
 Call Imp                 Summ           15%        N/A       5%          2
 Call Canine Familiar     Summ           15%        N/A       11%         3
 Summon Guardian Golem    Hex/Summ       8%         N/A       26%         3
 Summon Lightning Spire   Summ/Air       8%         N/A       65%         4


Dungeon Overview and Level Annotations

Branches:
Dungeon (1/15)

Altars:


Innate Abilities, Weirdness & Mutations

You are small and have problems with some larger weapons.
You are completely attuned to the shadows.


Message History

Your rat disappears in a puff of smoke!
A kobold is nearby!
A kobold is nearby!
A kobold is nearby!
A goblin comes into view. It is wielding a +0 dagger.
The helpless kobold fails to defend itself.
You hit the kobold but do no damage.
Your quokka barely misses the kobold.
The kobold hits you with a +0 dagger.
You hit the kobold but do no damage.
The goblin shouts!
Your quokka closely misses the kobold.
The kobold completely misses you.
You hit the kobold but do no damage.
Your quokka bites the kobold.
The kobold misses your quokka.
You hit the kobold but do no damage.
The kobold is moderately wounded.
Your quokka barely misses the kobold.
The kobold hits you with a +0 dagger.
You hit the kobold but do no damage.
The kobold is moderately wounded.
Your quokka bites the kobold.
The kobold hits your quokka but does no damage.
You closely miss the kobold.
The kobold is severely wounded.
Your quokka disappears in a puff of smoke!
The goblin barely misses you. The kobold hits you with a +0 dagger.
You are too injured to fight recklessly!
You are too injured to fight recklessly!
You are too injured to fight recklessly!
You are too injured to fight recklessly!
You are too injured to fight recklessly!
Casting: Summon Small Mammal (safe; 3% risk of failure)
Press: ? - help, Q - select action Dir - look around, f - activate The goblin hits you with a +0 dagger.
The kobold hits you but does no damage.
Casting: Summon Small Mammal (safe; 3% risk of failure)
Press: ? - help, Q - select action Dir - look around, f - activate You miscast Summon Small Mammal.
You are very lightly contaminated with residual magic.
Nothing appears to happen.
The goblin barely misses you.
Your quokka barely misses the kobold.
The kobold hits you with a +0 dagger.
You die...

#....... #.......
#...r........#
#.Kg........#
#.@.§.......#
#.§.........####
#..............##
#........#####..#
#..†.....# ##.#
#........# #.##
#........# #..#
#........# ##.##
#........## #..#


You could see a goblin, a kobold (ally target) and a friendly quokka (summoned).

Vanquished Creatures
  A dart slug (D:1)
1 creature vanquished.

Notes
Turn   | Place    | Note
-------+----------+-------------------------------------------
     0 | D:1      | 101zpm the Kobold Summoner began the quest for the Orb.
     0 | D:1      | Reached XP level 1. HP: 10/10 MP: 3/3
    73 | D:1      | Slain by a kobold

Illustrated notes

Levels and vault maps discovered:
D:1:      dpeg_arrival_water_altar, layout_basic, ebering_ecumenical_altar_mist,
          minivault_24

Action                   || total
-------------------------++-------
Melee: Unarmed           ||     9
 Cast: Summon Small Mamm ||     3
 Stab: Sleeping          ||     1
Armor: Robe              ||     1
Dodge: Dodged            ||     6
